 Dungeon Crawl Stone Soup version 0.22.1-2-g9c5b331383 (webtiles) character file.

336 Jerry the Slasher (level 6, -1/47 HPs)
             Began as a Merfolk Gladiator on Nov 24, 2018.
             Slain by a slave (6 damage)
             ... led by Pikel
             ... on level 5 of the Dungeon.
             The game lasted 00:09:21 (3977 turns).

Jerry the Slasher (Merfolk Gladiator)               Turns: 3977, Time: 00:09:22

Health: -1/47      AC:  7    Str: 16    XL:     6   Next: 54%
Magic:  6/6        EV: 15    Int:  7    God:
Gold:   187        SH:  0    Dex: 16    Spells: 5/5 levels left

rFire    . . .     SeeInvis .   a - +1 long sword
rCold    . . .     Gourm    .   (no shield)
rNeg     . . .     Faith    .   b - +0 leather armour
rPois    .         Spirit   .   c - +0 helmet
rElec    .         Reflect  .   r - +1 cloak
rCorr    .         Harm     .   j - +0 pair of gloves
MR       .....                  (no boots)
Stlth    +.........             t - amulet of regeneration
HPRegen  0.55/turn              (no ring)
MPRegen  0.10/turn              (no ring)

@: no status effects
A: change form in water, swift swim, stealthy swim
a: no special abilities


You were on level 5 of the Dungeon.
You were not hungry.

You visited 2 branches of the dungeon, and saw 8 of its levels.

You collected 187 gold pieces.

Inventory:

Hand Weapons
 a - a +1 long sword (weapon)
 u - a +0 dagger of venom
Missiles
 d - 3 throwing nets (quivered)
Armour
 b - a +0 leather armour (worn)
 c - a +0 helmet (worn)
 j - a +0 pair of gloves (worn)
 r - a +1 cloak (worn)
Jewellery
 t - an amulet of regeneration (around neck)
 w - an uncursed amulet of the gourmand
 x - an uncursed amulet of guardian spirit {unknown}
Wands
 v - a wand of digging (15)
Scrolls
 e - 3 scrolls of amnesia {unknown}
 g - a scroll of magic mapping {unknown}
 i - a scroll of fog {unknown}
 l - a scroll of blinking {unknown}
 m - a scroll of noise {unknown}
 n - 2 scrolls of enchant weapon
 p - a scroll of enchant armour {unknown}
 q - 2 scrolls of identify
 y - a scroll of summoning {unknown}
Potions
 h - a potion of agility {unknown}
 k - 2 potions of curing {unknown}
 s - a potion of mutation {unknown}
Comestibles
 f - 6 rations
 o - a chunk of flesh


   Skills:
 + Level 3.6 Fighting
 * Level 5.3 Long Blades
 + Level 3.2 Throwing
 + Level 1.6 Armour
 + Level 5.1 Dodging


You had 5 spell levels left.
You didn't know any spells.
Your spell library was empty.

Dungeon Overview and Level Annotations

Branches:
Dungeon (7/15)             Temple (1/1) D:4

Altars:
Ashenzari
Cheibriados
Dithmenos
Elyvilon
Fedhas
Hepliaklqana
Makhleb
Nemelex Xobeh
Okawaru
Ru
Sif Muna
Trog
Uskayaw
Vehumet
Xom
The Shining One
Lugonu

Annotations:
D:4 Dowan, Duvessa


Message History

You closely miss the slave. The slave hits you.
You hit the slave.
The slave is moderately wounded.
The slave completely misses you.
You riposte.
You barely miss the slave.
The slave is moderately wounded.
You hit the slave but do no damage.
The slave is moderately wounded.
The slave hits you.
You barely miss the slave.
The slave is moderately wounded.
The slave hits you!
* * * LOW HITPOINT WARNING * * *
You barely miss the slave.
The slave is moderately wounded.
The slave hits you!
* * * LOW HITPOINT WARNING * * *
You barely miss the slave.
The slave is moderately wounded.
The slave hits you.
You die...

# ..#####
##.)...#########
........p@.....#
........#############
....................#
.#..................#
.........p..........# #
.....#..............#.#
.#...#)......#####.....
...........#....^..#
...................#


You could see a slave.

Vanquished Creatures
  A slave (D:5)
  A jelly (D:5)
  An orc priest (D:3)
  Crazy Yiuf (D:2)
  3 worker ants
  A killer bee zombie (D:5)
  3 gnolls (D:3)
  5 adders
  An ooze (D:1)
  3 worms
  A leopard gecko (D:2)
  6 orcs
  2 giant cockroaches
  6 goblins
  9 hobgoblins
  3 jackals (D:3)
  7 kobolds
  2 quokkas
  A ball python (D:1)
  4 bats
  3 frilled lizards (D:1)
  5 rats
69 creatures vanquished.

Notes
Turn   | Place    | Note
-------+----------+-------------------------------------------
     0 | D:1      | Jerry the Merfolk Gladiator began the quest for the Orb.
     0 | D:1      | Reached XP level 1. HP: 16/16 MP: 1/1
    55 | D:1      | Reached XP level 2. HP: 19/22 MP: 2/2
   645 | D:1      | Reached XP level 3. HP: 28/28 MP: 3/3
  1280 | D:2      | Found a burning altar of Makhleb.
  1280 | D:2      | Found a radiant altar of Vehumet.
  1282 | D:2      | Found a hazy altar of Hepliaklqana.
  1631 | D:2      | Found a deep blue altar of Sif Muna.
  1666 | D:2      | Reached XP level 4. HP: 28/34 MP: 4/4
  1961 | D:2      | Found a runed door.
  2027 | D:2      | Noticed Crazy Yiuf
  2036 | D:2      | Killed Crazy Yiuf
  2036 | D:2      | Reached skill level 1 in Armour
  2354 | D:3      | Reached XP level 5. HP: 41/41 MP: 5/5
  2386 | D:3      | Found a white marble altar of Elyvilon.
  2741 | D:3      | Found a snail-covered altar of Cheibriados.
  3109 | D:3      | Found a faded altar of an unknown god.
  3401 | D:4      | Noticed Duvessa
  3401 | D:4      | Noticed Dowan
  3402 | D:4      | Found a shimmering altar of Xom.
  3517 | D:4      | Reached skill level 5 in Long Blades
  3597 | D:4      | Found a staircase to the Ecumenical Temple.
  3602 | D:4      | Reached XP level 6. HP: 34/47 MP: 6/6
  3614 | Temple   | Entered the Ecumenical Temple
  3753 | D:4      | Found a shimmering altar of Xom.
  3754 | D:4      | You fall through a shaft for 3 floors!
  3837 | D:6      | Noticed a phantom
  3887 | D:5      | Entered Level 5 of the Dungeon
  3900 | D:4      | Found a sacrificial altar of Ru.
  3924 | D:5      | Reached skill level 5 in Dodging
  3941 | D:5      | Noticed a slave
  3941 | D:5      | Noticed a slave
  3971 | D:5      | Killed a slave
  3977 | D:5      | Slain by a slave

Skill      XL: |  1  2  3  4  5  6 |
---------------+-------------------+-----
Long Blades    | 4 5 |  5.3
Armour         | 1 |  1.6
Fighting       | 3 |  3.6
Throwing       | 3 |  3.2
Dodging        | 5 |  5.1

Action                   |  1- 3 |  4- 6 || total
-------------------------+-------+-------++-------
Melee: Long sword        |    87 |   162 ||   249
  Use: Scroll            |       |     3 ||     3
 Stab: Sleeping          |     1 |       ||     1
  Eat: Chunk             |     2 |     5 ||     7
       Ration            |       |     1 ||     1
Armor: Leather armour    |    18 |    38 ||    56
Dodge: Dodged            |    63 |   140 ||   203
       Rpst.: Long sword |    20 |    53 ||    73
